 Dungeon Crawl Stone Soup version 0.18-a0-118-g58bf2d5 (webtiles) character file.

198 Duffy the Conjurer (level 5, -3/42 HPs)
             Began as a Naga Fire Elementalist on Nov 18, 2015.
             Slain by Edmund
             ... wielding a +0 flail of protection
              (5 damage)
             ... on level 4 of the Dungeon.
             The game lasted 00:06:18 (3527 turns).

Duffy the Conjurer (Naga Fire Elementalist)         Turns: 3527, Time: 00:06:18

Health: -3/42      AC:  3    Str: 10      XL:     5   Next: 76%
Magic:  6/10       EV:  9    Int: 17      God:
Gold:   202        SH:  0    Dex:  8 (11) Spells: 3 memorised, 3 levels left

rFire  . . .     SeeInvis +     e - +0 spear
rCold  . . .     Clarity  .     a - +1 robe
rNeg   . . .     SustAt   .     (no shield)
rPois  +         Gourm    +     (no helmet)
rElec  .         Spirit   .     (no cloak)
rCorr  .         Warding  .     (no gloves)
rMut   .         Stasis   .     (no barding)
MR     .....                    g - amulet of the gourmand
Stlth  ++........               (no ring)
                                (no ring)

@: short of breath, very slightly contaminated, very slow, not resistant to
hostile enchantments, unstealthy
A: see invisible, deformed body, poison resistance, slowness 2, slow metabolism
1, spit poison 2, AC +1
a: Spit Poison


You were on level 4 of the Dungeon.
You were very full.

You visited 1 branch of the dungeon, and saw 4 of its levels.

You collected 202 gold pieces.


Innate Abilities, Weirdness & Mutations

You cannot wear boots.
Your serpentine skin is tough (AC +1).
You have supernaturally acute eyesight.
Armour fits poorly on your strangely shaped body.
Your system is resistant to poisons.
You cover ground very slowly.
You have a slow metabolism.
You can spit poison.


   Skills:
 - Level 1.5 Dodging
 - Level 3.0 Stealth
 + Level 3.6 Spellcasting
 * Level 3.7 Conjurations
 * Level 3.6 Fire Magic


You had 3 spell levels left.
You knew the following spells:

 Your Spells              Type           Power        Failure   Level  Hunger
a - Flame Tongue          Conj/Fire      ###..        3%          1    None
c - Conjure Flame         Conj/Fire      ###.....     12%         3    ###....
s - Sticky Flame          Conj/Fire      ###.....     38%         4    ####...

Inventory:

Hand Weapons
 e - a +0 spear (weapon)
Missiles
 j - 3 poisoned tomahawks (quivered)
Armour
 a - a +1 robe (worn)
Magical Staves
 p - an uncursed staff of air
Jewellery
 g - an amulet of the gourmand (around neck)
Scrolls
 d - 2 scrolls of enchant armour
 h - a scroll of remove curse
 k - a scroll of magic mapping
 l - a scroll of enchant weapon
Potions
 f - a potion of degeneration
 n - a potion of poison
Books
 b - a book of Flames
Comestibles
 c - 3 bread rations
 o - a royal jelly

Dungeon Overview and Level Annotations

Branches:
Dungeon (4/15)
 Temple: D:4-7

Altars:
Gozag
Kikubaaqudgha
Qazlal
The Shining One

Annotations:
D:4 Edmund


Message History

k - a scroll of magic mapping Edmund hits you with a flail of protection!
Read which item? (? for menu, Esc to quit)
Identify which item? (\ to view known items) (? for menu, Esc to quit)
As you read the scroll of identify, it crumbles to dust.
l - a scroll of enchant weapon Read which item? (? for menu, Esc to quit)
Okay, then.
Drink which item? (? for menu, Esc to quit)
It was a potion of degeneration.
There was something very wrong with that liquid.
You feel clumsy. Edmund closely misses you.
Drink which item? (? for menu, Esc to quit)
It was a potion of poison.
You feel slightly nauseous.
Edmund hits you with a flail of protection.
Drink which item? (? for menu, Esc to quit)
It was a potion of magic.
Magic courses through your body. Edmund hits you but does no damage.
Cast which spell? (? or * to list)
Aiming: Sticky Flame
Press: ? - help, Shift-Dir - straight line, f/p - Edmund
Aim: Edmund, wielding a flail of protection and wearing a scale mail (moderately wounded)
The sticky flame hits Edmund.
Edmund appears unharmed.
Edmund is moderately wounded.
Edmund is covered in liquid flames!
Edmund burns!
Cast which spell? (? or * to list)
Okay, then.
Press: ? - help, Shift-Dir - straight line, f/p - Edmund
Aim: Edmund, wielding a flail of protection and wearing a scale mail (moderately wounded, covered in liquid flames)
The splash of poison hits Edmund.
Edmund appears unharmed.
Edmund is moderately wounded.
You feel slightly less full.
Edmund burns!
Edmund hits you with a flail of protection.
You die...

#########
#.......# #.##
#.#####<###.##
.....##.#
#......#
#...@#
#.###....
####@# #.###
## #.# #...#
#..@....#.#
#.......#.#
######..! .
>... .# ......
. .#.#.# #.
.... .#


You could see Edmund (burning).

Action                   |  1- 3 |  4- 6 || total
-------------------------+-------+-------++-------
Melee: Spear             |       |     2 ||     2
Throw: Tomahawk          |       |     1 ||     1
 Cast: Flame Tongue      |    42 |    36 ||    78
       Sticky Flame      |       |     2 ||     2
       Conjure Flame     |       |     1 ||     1
 Abil: Spit Poison       |    27 |    30 ||    57
  Use: Scroll            |       |     4 ||     4
       Potion            |       |     3 ||     3
  Eat: Chunk             |    12 |     7 ||    19

Notes
Turn   | Place    | Note
--------------------------------------------------------------
     0 | D:1      | Duffy the Naga Fire Elementalist began the quest for the Orb.
     0 | D:1      | Reached XP level 1. HP: 15/15 MP: 3/3
   149 | D:1      | Reached XP level 2. HP: 10/22 MP: 0/5
   795 | D:1      | Reached skill level 2 in Conjurations
  1022 | D:1      | Reached XP level 3. HP: 28/28 MP: 4/6
  1146 | D:1      | Learned a level 3 spell: Conjure Flame
  1690 | D:2      | Reached skill level 3 in Spellcasting
  1729 | D:2      | Reached XP level 4. HP: 30/36 MP: 4/8
  1992 | D:1      | Learned a level 4 spell: Sticky Flame
  2490 | D:3      | Found an ancient bone altar of Kikubaaqudgha.
  2493 | D:3      | Found a stormy altar of Qazlal.
  2495 | D:3      | Found a glowing golden altar of the Shining One.
  2497 | D:3      | Reached skill level 3 in Conjurations
  3009 | D:3      | Reached XP level 5. HP: 42/42 MP: 7/10
  3368 | D:3      | Found an opulent altar of Gozag.
  3440 | D:4      | Noticed Edmund
  3527 | D:4      | Slain by Edmund

Vault maps used:
D:1:      roderic_octagonal_star, st_stairs_7, serial_bayou_pond_e
D:2:      first_bread
D:3:      grunt_gozag_breadcrumbs, grunt_temple_overflow_open,
          lightli_sewer_entry_pipes
D:4:      uniq_robin, uniq_edmund, uniq_duvessa

Vanquished Creatures
  A scorpion
  An orc wizard
  5 adders
  An ooze
  5 giant geckos
  4 orcs
  2 ball pythons
  8 goblins
  12 hobgoblins
  3 kobolds
  A quokka
  5 bats
  6 giant cockroaches
  4 giant newts
  6 rats
64 creatures vanquished.
